 Dungeon Crawl Stone Soup version 0.23.2-1-ga50397a (webtiles) character file.

Game seed: 17291304077459435937

9 Iscandelvey the Vexing (level 2, 7/21 HPs)
             Began as a Demonspawn Arcane Marksman on Apr 17, 2019.
             Quit the game on level 2 of the Dungeon.
             The game lasted 00:00:37 (541 turns).

Iscandelvey the Vexing (Demonspawn Arcane Marksman)  Turns: 541, Time: 00:00:37

Health: 7/21       AC:  2    Str: 10    XL:     2   Next: 3%
Magic:  3/3        EV: 12    Int: 14    God:
Gold:   68         SH:  0    Dex: 13    Spells: 2/3 levels left

rFire    + . .     SeeInvis .   o - -1 hand axe (curse)
rCold    + . .     Gourm    .   (no shield)
rNeg     . . .     Faith    .   e - +0 robe
rPois    .         Spirit   .   (no helmet)
rElec    .         Reflect  .   p - scarf {rC+ rF+}
rCorr    .         Harm     .   (no gloves)
MR       .....                  (no boots)
Stlth    +.........             (no amulet)
HPRegen  0.07/turn              (no ring)
MPRegen  0.08/turn              (no ring)

@: no status effects
A: talons 1
a: no special abilities


You were on level 2 of the Dungeon.
You were not hungry.

You visited 1 branch of the dungeon, and saw 2 of its levels.

You collected 68 gold pieces.

Inventory:

Hand Weapons
 a - a +0 hand crossbow
 o - a cursed -1 hand axe (weapon)
Missiles
 d - 17 bolts
Armour
 e - a +0 robe (worn)
 p - a scarf of resistance (worn)
Scrolls
 g - a scroll of remove curse {unknown}
 h - a scroll of magic mapping {unknown}
 i - a scroll of teleportation {unknown}
 j - a scroll of random uselessness {unknown}
 k - a scroll of identify {unknown}
 l - a scroll of enchant weapon {unknown}
Potions
 b - a potion of resistance {unknown}
 c - a potion of haste {unknown}
 m - a potion of curing {unknown}
 n - a potion of might {unknown}
Comestibles
 f - 2 rations


   Skills:
 + Level 1.0 Fighting
 + Level 2.1 Crossbows
 + Level 1.8 Dodging
 + Level 1.1 Spellcasting
 + Level 3.1 Hexes


You had 2 spell levels left.
You knew the following spells:

 Your Spells              Type           Power        Failure   Level  Hunger
a - Corona                Hex            #......      7%          1    ##.....

Your spell library contained the following spells:

 Spells                   Type           Power        Failure   Level  Hunger
 Slow                     Hex            #.......     11%         2    ###....
 Inner Flame              Hex/Fire       #.......     38%         3    ####...
 Portal Projectile        Hex/Tloc       #.....       38%         3    ####...
 Cause Fear               Hex            #.........   56%         4    #####..
 Leda's Liquefaction      Hex/Erth       #.........   80%         4    #####..


Dungeon Overview and Level Annotations

Branches:
Dungeon (2/15)

Altars:


Innate Abilities, Weirdness & Mutations

You have sharp toenails.


Message History

You are too injured to fight recklessly!
There are monsters nearby!
You are too injured to fight recklessly!
There are monsters nearby!
You are too injured to fight recklessly!
There are monsters nearby!
You barely miss the hobgoblin.
The hobgoblin is almost dead.
You barely miss the kobold. The hobgoblin hits you with a +0 club.
The kobold hits you with a +0 dagger.
You hit the hobgoblin.
You kill the hobgoblin!
You have reached level 2!
Your demonic ancestry asserts itself...
Your toenails lengthen and sharpen.
You hit the kobold but do no damage.
A rat comes into view.
The kobold hits you but does no damage. The rat misses you.
The rat moves out of view.
Are you sure you want to abandon this character and quit the game? (Confirm with "yes".)

.. #.# # .. ... #.#.#.#
##### ..... .......#
#....#.#.#.#. #.....>#
#.#.#.r...... #......#
#.#..@#
#......#####.#.#.K......
#...^..#.......#..#.#.#.
#......#.####.##.#..[.
#......#...........#.#.#
#...<..###....###.#. ...
.........#.##<....### #
########.#.##.....+
#....##.....


You could see a kobold and a rat.

Vanquished Creatures
  A giant cockroach (D:1)
  A goblin (D:1)
  3 hobgoblins
  A frilled lizard (D:1)
  2 rats
8 creatures vanquished.

Notes
Turn   | Place    | Note
-------+----------+-------------------------------------------
     0 | D:1      | Iscandelvey the Demonspawn Arcane Marksman began the quest
                  | for the Orb.
     0 | D:1      | Reached XP level 1. HP: 15/15 MP: 2/2
   540 | D:2      | Gained mutation: You have sharp toenails. [demonic
                  | ancestry]
   540 | D:2      | Reached XP level 2. HP: 7/21 MP: 3/3
   541 | D:2      | Quit the game

Skill      XL: |  1 |
---------------+----+-----
Crossbows      | 2 |  2.1
Fighting       | |  1.0
Dodging        | |  1.8
Spellcasting   | |  1.1
Hexes          | |  3.1

Action                   || total
-------------------------++-------
Melee: Hand axe          ||    12
 Fire: Hand crossbow     ||    12
Armor: Robe              ||     5
Dodge: Dodged            ||    10
